 Dungeon Crawl Stone Soup version 0.24.1-14-gf8d2b50 (console) character file.

Game seed: 14820384546395120493, levelgen mode: deterministic

15442 grimtooth the Martial Artist (level 12, 0/124 HPs)
             Began as a Black Draconian Transmuter on Sept 2, 2020.
             Was a Priest of Nemelex Xobeh.
             Slain by a minotaur
             ... wielding the +8 broad axe of the Six Eyes {venom, +Blink rC+ Str+7}
              (10 damage)
             ... in a Gauntlet.
             The game lasted 01:30:41 (13676 turns).

grimtooth the Martial Artist (DrTm)                Turns: 13676, Time: 01:30:42

Health: 0/124      AC:  6    Str: 18      XL:     12   Next: 1%
Magic:  23/27      EV: 10    Int: 12 (15) God:    Nemelex Xobeh [***...]
Gold:   183        SH:  0    Dex: 15      Spells: 9/19 levels left

rFire    x . .     SeeInvis .     - Unarmed
rCold    + + +     Gourm    .   (shield currently unavailable)
rNeg     . . .     Faith    .   (armour unavailable)
rPois    +         Spirit   .   (helmet currently unavailable)
rElec    .         Reflect  .   (cloak currently unavailable)
rCorr    .         Harm     .   (gloves currently unavailable)
MR       .....     NoTele   +   (boots currently unavailable)
Stlth    ++........             g - amulet of the acrobat
HPRegen  0.30/turn              k - ring of magical power
MPRegen  0.20/turn              t - ring of stealth

@: mighty, ice-form
A: large, (breathe lightning), unfitting armour, AC +8
a: End Transformation, Draw Escape, Draw Destruction, Draw Summoning, Triple
Draw, Renounce Religion


You were in a Gauntlet.
You worshipped Nemelex Xobeh.
Nemelex Xobeh was most pleased with you.
You were not hungry.
You were a creature of crystalline ice.
You visited 2 branches of the dungeon, and saw 12 of its levels.
You also visited: Gauntlet.

You collected 454 gold pieces.
You spent 271 gold pieces at shops.

Inventory:

Hand Weapons
 b - the +7 hunting sling "Zyinesch" (melded) {flame, +Blink Int+3 Dex+5}
   (You found it on level 4 of the Dungeon)

   It causes projectiles fired from it to burn those they strike, causing extra
   injury to most foes and up to half again as much damage against particularly
   susceptible opponents.
   It affects your intelligence (+3).
   It affects your dexterity (+5).
   It lets you blink.
Missiles
 a - 106 arrows
 n - 43 stones (quivered)
 w - 32 poisoned darts
 G - 137 sling bullets
 P - 2 curare-tipped darts
Armour
 l - a +1 hat (melded)
 q - a +0 cloak (melded)
 Y - a +0 pair of gloves (melded)
Jewellery
 g - an amulet of the acrobat (around neck)
 j - an uncursed ring of fire
 k - a ring of magical power (left front paw)
 p - a cursed ring of teleportation {unknown}
 t - a ring of stealth (right front paw)
 y - the amulet "Yquoc" {Faith Dex+4 Slay+3, unknown}
   (You found it in a Gauntlet)

   [amulet of faith]

   It allows you to gain divine favour quickly.
   It affects your dexterity (+4).
   It affects your accuracy and damage with ranged weapons and melee attacks
   (+3).
 T - an uncursed ring of ice
Wands
 m - a wand of acid (18)
 s - a wand of flame (36)
 A - a wand of polymorph (24)
 H - a wand of paralysis (6)
 J - a wand of random effects (17)
 N - a wand of iceblast (6)
Scrolls
 d - 6 scrolls of teleportation
 e - 11 scrolls of remove curse
 f - 5 scrolls of fear
 i - a scroll of magic mapping {unknown}
 B - a scroll of summoning {unknown}
Potions
 h - a potion of resistance
 o - 5 potions of curing
 r - a potion of brilliance
 u - a potion of agility
 v - 5 potions of might
 z - a potion of flight
 Q - 2 potions of lignification
 R - a potion of cancellation
 X - 2 potions of magic
Miscellaneous
 x - a lamp of fire
Comestibles
 c - 19 rations {@e3}


   Skills:
 - Level 9.0 Fighting
 - Level 4.2 Slings
 - Level 1.7 Dodging
 * Level 12.5 Unarmed Combat
 - Level 4.0 Spellcasting
 - Level 9.0 Transmutations
 - Level 4.0 Ice Magic
 - Level 4.2 Poison Magic
 + Level 4.5 Invocations


You had 9 spell levels left.
You knew the following spells:

 Your Spells              Type           Power        Failure   Level  Hunger
a - Beastly Appendage     Tmut           ###...       1%          1    #......
b - Sticks to Snakes      Tmut           ###.....     1%          2    ##.....
c - Spider Form           Tmut/Pois      ###.......   4%          3    ###....
d - Ice Form              Ice/Tmut       ###.....     16%         4    #####..

Your spell library contained the following spells:

 Spells                   Type           Power        Failure   Level  Hunger
 Freeze                   Ice            ##..         4%          1    #......
 Ignite Poison            Fire/Tmut/Pois ##......     11%         3    ###....
 Throw Frost              Conj/Ice       #.....       14%         2    ##.....
 Blade Hands              Tmut           ###.......   16%         5    ######.
 Ozocubu's Armour         Chrm/Ice       #.......     28%         3    ###....
 Alistair's Intoxication  Tmut/Pois      ###.....     38%         5    ######.
 Summon Ice Beast         Ice/Summ       #.......     67%         4    #####..
 Throw Icicle             Conj/Ice       #.......     67%         4    #####..
 Dragon Form              Tmut           ###.......   99%         7    #######


Dungeon Overview and Level Annotations

Branches:
Dungeon (11/15)            Temple (0/1) D:6            Lair (1/6) D:11
    Orc (0/2) D:11        Gauntlet (1/1)

Altars:
Ashenzari
Fedhas
Kikubaaqudgha
Makhleb
Nemelex Xobeh
Ru
Sif Muna
Xom

Shops:
D:5 [}=%   D:7 ?   D:8 ?   D:9 !   D:10 *

Portals:
Trove: D:11 (show slimy rune of Zot)

Annotations:
Gauntlet 15 runed translucent doors, 8 transporters


Innate Abilities, Weirdness & Mutations

((You can breathe wild blasts of lightning.))
((Your glossy black scales are hard. (AC +8)))
You cannot fit into any form of body armour.
((You are resistant to electric shocks. (rElec)))
((You are cold-blooded and may be slowed by cold attacks.))


Message History

Here: a minotaur, wielding the +8 broad axe of the Six Eyes {venom, +Blink rC+ Str+7}, wearing a +0 chain mail and wearing the ring of Vuefrew {rF+ MR+ Str+5} (lightly wounded)
An open door.
Quiver which item? (- for none, * to show all) (? for menu, Esc to quit)
Okay, then.
The minotaur throws a javelin.
The javelin barely misses grimtooth's illusion.
The javelin pierces through your ball python!!
Your ball python dies!
The javelin barely misses you.
Grimtooth's illusion hits the minotaur!
Grimtooth's illusion burns the minotaur.
Grimtooth's illusion hits the minotaur.
You see here a javelin.
Press: ? - help, v - describe, . - travel
Here: grimtooth's illusion, wielding a weapon of flaming (moderately wounded, poisoned, friendly, summoned)
The floor.
The minotaur throws a javelin.
The javelin pierces through grimtooth's illusion!!
The javelin pierces through your ball python.
Your ball python dies!
The javelin pierces through you!!
Grimtooth's illusion completely misses the minotaur.
Grimtooth's illusion hits the minotaur.
Grimtooth's illusion burns the minotaur.
The minotaur throws a javelin.
The javelin pierces through grimtooth's illusion but does no damage.
The javelin pierces through your ball python!!
Your ball python dies!
The javelin pierces through your adder!!!
Your adder dies!
The javelin barely misses you.
Grimtooth's illusion hits the minotaur but does no damage. x2
You see here 2 javelins.
Press: ? - help, v - describe, . - travel
Here: grimtooth's illusion, wielding a weapon of flaming (moderately wounded, poisoned, friendly, summoned)
The floor.
Okay, then.
You swap places.
You feel very mighty all of a sudden.
Grimtooth's illusion hits the minotaur but does no damage.
Your adder withers and dies!
The minotaur throws a javelin.
The javelin pierces through grimtooth's illusion!!
The javelin misses you.
Grimtooth's illusion hits the minotaur but does no damage.
You see here a javelin.
You swap places.
The minotaur completely misses you.
The minotaur hits grimtooth's illusion with the +8 broad axe of the Six Eyes {venom, +Blink rC+ Str+7}!!
The minotaur completely misses you.
Grimtooth's illusion hits the minotaur but does no damage.
The minotaur barely misses you.
The minotaur hits grimtooth's illusion with the +8 broad axe of the Six Eyes {venom, +Blink rC+ Str+7}!!
The minotaur gores you.
Grimtooth's illusion hits the minotaur.
Grimtooth's illusion burns the minotaur.
Press: ? - help, v - describe, . - travel The floor, spattered with blood.
Casting: Sticks to Snakes (safe; 1% risk of failure)
Confirm with . or Enter, or press ? or * to list all spells.
You turn into a creature of crystalline ice.
The +7 hunting sling "Zyinesch" {flame, +Blink Int+3 Dex+5} melds into your body.
Your +0 cloak melds into your body.
Your +1 hat melds into your body.
Your +0 pair of gloves melds into your body.
The +7 hunting sling "Zyinesch" {flame, +Blink Int+3 Dex+5} stops flaming.
Grimtooth's illusion hits the minotaur.
Grimtooth's illusion burns the minotaur.
Grimtooth's illusion hits the minotaur but does no damage.
You pummel the minotaur!! You freeze the minotaur.
The minotaur is severely wounded.
The minotaur hits you with the +8 broad axe of the Six Eyes {venom, +Blink rC+ Str+7}!!!
The minotaur hits grimtooth's illusion with the +8 broad axe of the Six Eyes {venom, +Blink rC+ Str+7}!!
Grimtooth's illusion dies!
The minotaur hits grimtooth's illusion with the +8 broad axe of the Six Eyes {venom, +Blink rC+ Str+7}!
The minotaur misses you.
Press: ? - help, v - describe, . - travel
Here: grimtooth's illusion, wielding a weapon of flaming (severely wounded, friendly, summoned)
The floor, spattered with blood.
Press: ? - help, v - describe, . - travel
Here: a minotaur, wielding the +8 broad axe of the Six Eyes {venom, +Blink rC+ Str+7}, wearing a +0 chain mail and wearing the ring of Vuefrew {rF+ MR+ Str+5} (severely wounded)
The floor, spattered with blood.
You hit the minotaur.
The minotaur is severely wounded.
Grimtooth's illusion hits the minotaur but does no damage.
The minotaur hits you with the +8 broad axe of the Six Eyes {venom, +Blink rC+ Str+7}!
* * * LOW HITPOINT WARNING * * *
The minotaur closely misses grimtooth's illusion.
The minotaur gores you!
* * * LOW HITPOINT WARNING * * *
Evoke which item? (* to show all) (? for menu, Esc to quit)
Okay, then.
Okay, then.
You hit the minotaur but do no damage.
The minotaur is severely wounded.
Grimtooth's illusion hits the minotaur but does no damage.
You punch the minotaur! You freeze the minotaur.
The minotaur is almost dead.
The minotaur hits you with the +8 broad axe of the Six Eyes {venom, +Blink rC+ Str+7}!!
* * * LOW HITPOINT WARNING * * *
The minotaur hits grimtooth's illusion with the +8 broad axe of the Six Eyes {venom, +Blink rC+ Str+7}!
The minotaur gores you!
You die...
Your body glows slightly and disappears.

.................................
.................§∩§............≈
#################################
# #8# #8##≈...............≈##8# #
### ####8.8.8..©.©..8.8.8####
#≈...............≈#
#####.###.###.#####
###.###.###.### #..(@Y........#
#.###H###.###.# #(###.###.###.#
#..(..(@......# #######'######
.... ##.### .. ∩≈


You could see a minotaur and the friendly grimtooth's illusion.

Vanquished Creatures
  Gastronok (D:9)
  A two-headed ogre (D:9)
  An unseen horror (D:10)
  A rime drake (D:9)
  A spiny frog (Lair:1)
  2 hornets
  4 hippogriffs
  A shadow (D:11)
  25 yaks
  A hungry ghost (D:11)
  Grum (D:9)
  A vampire mosquito (D:9)
  Duvessa (D:6)
  2 water moccasins (D:7)
  2 porcupines (D:11)
  A hornet zombie (D:6)
  4 orc warriors
  3 phantoms
  3 sky beasts
  2 black bears (D:11)
  5 ogres
  4 wolves (D:9)
  5 centaurs
  A crocodile (D:11)
  9 bullfrogs
  A wyvern zombie (D:6)
  A water moccasin skeleton (D:8)
  5 scorpions
  3 troll zombies (D:11)
  Dowan (D:6)
  2 killer bees (D:10)
  An electric eel (D:10)
  6 howler monkeys
  A centaur zombie (D:5)
  3 bullfrog zombies
  A quasit (D:10)
  2 crimson imps
  3 jellies
  2 centaur skeletons
  4 hounds
  6 orc priests
  6 orc wizards
  3 iguanas
  7 worker ants
  5 ogre zombies (D:11)
  A hound zombie (D:7)
  2 hound skeletons
  A howler monkey zombie (D:9)
  A worker ant zombie (D:7)
  2 howler monkey skeletons
  14 adders
  2 oozes
  An adder zombie (D:6)
  An adder skeleton (D:6)
  2 worms
  2 dart slugs (D:2)
  4 leopard geckos
  42 orcs
  7 bats
  4 giant cockroaches
  9 goblins
  3 hobgoblins
  11 jackals
  3 quokkas
  5 frilled lizards
  4 goblin skeletons (D:11)
  3 goblin zombies (D:11)
  A hobgoblin zombie (D:11)
  4 kobolds
  A leopard gecko skeleton (D:4)
  A leopard gecko zombie (D:3)
  An orc skeleton (D:11)
  16 orc zombies (D:11)
  A quokka skeleton (D:6)
  9 rats
303 creatures vanquished.

Vanquished Creatures (collateral kills)
  A hell beast (Gauntlet)
  An orange crystal statue (Gauntlet)
  2 hell hounds (Gauntlet)
  An iguana (D:4)
  2 worker ants
7 creatures vanquished.

Vanquished Creatures (others)
  A yak (D:10)
  A ball lightning (D:11)
  42 fungi
  13 plants (D:11)
57 creatures vanquished.

Grand Total: 367 creatures vanquished

Notes
Turn   | Place    | Note
-------+----------+-------------------------------------------
     0 | D:1      | grimtooth the Draconian Transmuter began the quest for the
                  | Orb.
     0 | D:1      | Reached XP level 1. HP: 16/16 MP: 3/3
   283 | D:1      | Reached XP level 2. HP: 21/23 MP: 3/5
   718 | D:1      | Learned a level 2 spell: Sticks to Snakes
   980 | D:2      | Found a shimmering blue altar of Sif Muna.
   995 | D:2      | Reached skill level 4 in Unarmed Combat
   995 | D:2      | Reached XP level 3. HP: 22/28 MP: 6/6
  1394 | D:2      | Reached XP level 4. HP: 29/35 MP: 7/7
  1703 | D:2      | Learned a level 3 spell: Spider Form
  2015 | D:3      | Reached skill level 5 in Unarmed Combat
  2038 | D:3      | You fall into a shaft and drop 3 floors!
  2051 | D:6      | Reached XP level 5. HP: 32/40 MP: 6/8
  2097 | D:5      | Entered Level 5 of the Dungeon
  2361 | D:4      | Got a bloodstained hunting sling
  2839 | D:4      | Reached XP level 6. HP: 23/47 MP: 9/9
  2890 | D:4      | Identified the +8 mace of Defence {flame, rC+ Stlth+}
  3116 | D:3      | Reached skill level 6 in Unarmed Combat
  3430 | D:3      | Found a burning altar of Makhleb.
  3834 | D:4      | Identified Xeom Xow's Volume of Fiery Changing
  3952 | D:4      | Found a sacrificial altar of Ru.
  4014 | D:4      | Found a sparkling altar of Nemelex Xobeh.
  4097 | D:4      | Became a worshipper of Nemelex Xobeh the Trickster
  4128 | D:4      | Identified the +7 hunting sling "Zyinesch" {flame, +Blink
                  | Int+3 Dex+5} (You found it on level 4 of the Dungeon)
  4131 | D:5      | Received a gift from Nemelex Xobeh
  4272 | D:5      | Noticed a sky beast
  4283 | D:5      | Killed a sky beast
  4283 | D:5      | Reached skill level 7 in Unarmed Combat
  4283 | D:5      | Your scales start taking on a glossy black colour.
  4283 | D:5      | Reached XP level 7. HP: 52/52 MP: 10/10
  4283 | D:5      | Gained mutation: You are resistant to electric shocks.
                  | (rElec) [Black Draconian growth]
  4360 | D:5      | Found Keulaf's Gadget Shoppe.
  4428 | D:5      | Reached skill level 5 in Transmutations
  4497 | D:5      | Found Maicrel's Food Emporium.
  4537 | D:5      | Found Vimejas's Jewellery Shop.
  4730 | D:5      | Found Kiwapham's Antique Armour Shop.
  4742 | D:5      | Reached * piety under Nemelex Xobeh
  5410 | D:6      | Noticed Duvessa
  5410 | D:6      | Noticed Dowan
  5566 | D:6      | Reached skill level 8 in Unarmed Combat
  5619 | D:6      | Reached skill level 1 in Poison Magic
  5660 | D:6      | Reached XP level 8. HP: 59/59 MP: 11/11
  5679 | D:6      | Received a gift from Nemelex Xobeh
  5726 | D:6      | Found a staircase to the Ecumenical Temple.
  5833 | D:6      | Found a hazy altar of Hepliaklqana.
  5835 | D:6      | Found a shattered altar of Ashenzari.
  5835 | D:6      | Found a shattered altar of Ashenzari.
  5876 | D:6      | Found a shimmering altar of Xom.
  5876 | D:6      | Found an iron altar of Okawaru.
  5876 | D:6      | Found a glowing silver altar of Zin.
  6043 | D:7      | Found a shattered altar of Ashenzari.
  6169 | D:7      | Reached skill level 9 in Unarmed Combat
  6287 | D:7      | Reached skill level 1 in Slings
  6343 | D:7      | Found a blossoming altar of Fedhas.
  6343 | D:7      | Found an ancient bone altar of Kikubaaqudgha.
  6362 | D:7      | Noticed a hippogriff
  6372 | D:7      | Killed a hippogriff
  6398 | D:7      | Found Ycwut's Magic Scroll Emporium.
  6411 | D:7      | Bought a scroll of identify for 26 gold pieces
  6411 | D:7      | Bought a scroll of identify for 26 gold pieces
  6411 | D:7      | Bought a scroll of teleportation for 39 gold pieces
  6476 | D:7      | Reached XP level 9. HP: 71/71 MP: 13/13
  6994 | D:8      | Reached ** piety under Nemelex Xobeh
  7022 | D:8      | Reached skill level 5 in Fighting
  7133 | D:8      | You fall into a shaft and drop 1 floor!
  7280 | D:8      | Received a gift from Nemelex Xobeh
  7369 | D:8      | Found Qeklycauh's Magic Scroll Shop.
  7372 | D:8      | Bought a scroll of fear for 42 gold pieces
  7372 | D:8      | Bought a scroll of identify for 24 gold pieces
  7372 | D:8      | Bought a scroll of identify for 24 gold pieces
  7993 | D:9      | Noticed Grum
  8004 | D:9      | Killed Grum
  8306 | D:9      | Noticed Gastronok
  8359 | D:9      | Killed Gastronok
  8359 | D:9      | Reached skill level 11 in Unarmed Combat
  8359 | D:9      | Reached XP level 10. HP: 73/83 MP: 16/16
  8455 | D:9      | Noticed a two-headed ogre
  8470 | D:9      | Found Efafaol's Distillery.
  8496 | D:9      | Bought a potion of might for 56 gold pieces
  8649 | D:9      | - hell
  8652 | D:9      | Killed a two-headed ogre
  9016 | D:10     | Entered Level 10 of the Dungeon
  9050 | D:10     | Learned a level 4 spell: Ice Form
  9115 | D:10     | Killed an unseen horror
  9286 | D:10     | Found Usyng's Assorted Antiques.
  9661 | D:10     | Reached XP level 11. HP: 54/92 MP: 17/17
  9795 | D:10     | Bought a scroll labeled POFEOGR WORYBY for 34 gold pieces
  9856 | D:10     | Reached skill level 12 in Unarmed Combat
  9869 | D:10     | Received a gift from Nemelex Xobeh
 10061 | D:10     | Reached skill level 1 in Ice Magic
 10118 | D:10     | Reached *** piety under Nemelex Xobeh
 11204 | D:11     | Found a staircase to the Orcish Mines.
 11467 | D:11     | Found a staircase to the Lair.
 11721 | D:11     | Received a gift from Nemelex Xobeh
 11976 | D:11     | Found a portal to a secret trove of treasure.
 12210 | D:6      | Killed Dowan
 12214 | D:6      | Killed Duvessa
 12214 | D:6      | Reached skill level 1 in Invocations
 12555 | Lair:1   | Entered Level 1 of the Lair of Beasts
 12778 | Lair:1   | Found a gate leading to a gauntlet.
 12902 | Gauntlet | Entered a Gauntlet
 12902 | Gauntlet | Found a large runed translucent door.
 12902 | Gauntlet | Found a large runed translucent door.
 12902 | Gauntlet | Found a large runed translucent door.
 12902 | Gauntlet | Found a large runed translucent door.
 12902 | Gauntlet | Found a runed translucent door.
 12902 | Gauntlet | Found a large runed translucent door.
 12902 | Gauntlet | Found a large runed translucent door.
 12902 | Gauntlet | Found a transporter.
 12902 | Gauntlet | Found a transporter.
 12902 | Gauntlet | Found a large runed translucent door.
 12902 | Gauntlet | Found a large runed translucent door.
 12902 | Gauntlet | Found a runed translucent gate.
 12902 | Gauntlet | Found a runed translucent gate.
 12902 | Gauntlet | Found a transporter.
 12902 | Gauntlet | Found a transporter.
 12902 | Gauntlet | Noticed a wizard
 12902 | Gauntlet | Noticed an orange crystal statue
 12906 | Gauntlet | Found a transporter.
 12911 | Gauntlet | Found a runed translucent gate.
 12912 | Gauntlet | Found a large runed translucent door.
 12915 | Gauntlet | Noticed a fire crab
 12916 | Gauntlet | Found a transporter.
 12917 | Gauntlet | Noticed a hell beast
 12925 | Gauntlet | Found a transporter.
 12941 | Gauntlet | Found a large runed translucent door.
 12941 | Gauntlet | Found a large runed translucent door.
 12943 | Gauntlet | Found a runed translucent door.
 12963 | Gauntlet | Found a transporter.
 12979 | Gauntlet | Found a transporter.
 13024 | Gauntlet | Found a transporter.
 13032 | Gauntlet | Found a transporter.
 13041 | Gauntlet | Found a transporter.
 13081 | Gauntlet | Found a large runed translucent door.
 13081 | Gauntlet | Found a large runed translucent door.
 13082 | Gauntlet | Found a large runed translucent door.
 13083 | Gauntlet | Found a large runed translucent door.
 13083 | Gauntlet | Found a large runed translucent door.
 13276 | Gauntlet | Killed an orange crystal statue
 13343 | Gauntlet | Got a steaming tin amulet
 13357 | Gauntlet | Killed a hell beast
 13357 | Gauntlet | Reached XP level 12. HP: 33/104 MP: 18/18
 13625 | Gauntlet | Identified the +8 broad axe of the Six Eyes {venom, +Blink
                  | rC+ Str+7}
 13625 | Gauntlet | Identified the ring of Vuefrew {rF+ MR+ Str+5}
 13625 | Gauntlet | Noticed a minotaur
 13676 | Gauntlet | Slain by a minotaur

Levels and vault maps discovered:
D:1:      dpeg_arrival_chase, layout_loops_ring
D:2:      layout_loops_cross, old_standard_altar
D:3:      layout_loops_cross, makhleb_grotto_becter, first_ration
D:4:      layout_basic, nemelex_xobeh_ov_fountains_minmay,
          nicolae_ru_path_of_blood
D:5:      layout_basic, serial_shops, nicolae_shop_competitors_out_of_business,
          kennysheep_mini_moat, shop, shop, hex_large
D:6:      layout_basic, minmay_temple_entry_proselytizer,
          kennysheep_minor_cross, doesnt_xom_only_xom, uniq_duvessa
D:7:      layout_gridville, grunt_temple_overflow_growth_and_decay,
          nicolae_overflow_crystal_walls, serial_shops, shop_fountains,
          grunt_ogre_cave
D:8:      layout_basic, serial_shops, kennysheep_mini, serial_park_tiny_2
D:9:      layout_roguey, serial_shops, shop_statue, roderic_roman_lattice,
          minmay_diamond_spiral, uniq_grum, uniq_gastronok
D:10:     layout_long_grid, serial_shops, shop, serial_bayou_lagoon_a
D:11:     layout_loops_ring, due_lair_maze_entry_diamond, zombieorc2_lemuel,
          enter_trove_3
Lair:1:   layout_misc_corridors, gauntlet_entry_generic
Gauntlet: gammafunk_gauntlet_shortcut
          [minmay_gauntlet_arena_make_your_own_arena,
          gammafunk_gauntlet_arena_split_diamond,
          gammafunk_gauntlet_arena_corners, gammafunk_gauntlet_arena_split_x,
          nicolae_gauntlet_arena_t_cross, nicolae_gauntlet_arena_quarters,
          gauntlet_exit_watery]

Skill      XL: |  1  2  3  4  5  6  7  8  9 10 11 |
---------------+----------------------------------+-----
Unarmed Combat | 4 5 7 8 9 11 12 | 12.5
Transmutations | 3 4 5 6 7 9 |  9.0
Poison Magic   | 1 3 4 |  4.2
Fighting       | 3 6 7 9 |  9.0
Slings         | 1 4 |  4.2
Spellcasting   | 4 |  4.0
Ice Magic      | 4 |  4.0
Invocations    | 4 |  4.5
Dodging        | |  1.7

Action                   |  1- 3 |  4- 6 |  7- 9 | 10-12 || total
-------------------------+-------+-------+-------+-------++-------
Melee: Unarmed           |    94 |   180 |    51 |   153 ||   478
       Tailslap          |    10 |    19 |       |       ||    29
       Kick              |    15 |     7 |     2 |       ||    24
       Headbutt          |     2 |    16 |       |       ||    18
       Punch             |     1 |     6 |       |       ||     7
       Short sword       |       |    30 |       |       ||    30
 Fire: Hunting sling     |       |    15 |   226 |   317 ||   558
Throw: Stone             |     6 |    55 |       |       ||    61
       Dart              |       |     4 |       |       ||     4
 Cast: Beastly Appendage |    25 |    27 |     1 |     1 ||    54
       Sticks to Snakes  |     1 |     8 |     5 |    10 ||    24
       Spider Form       |       |     5 |     9 |    10 ||    24
       Ice Form          |       |       |       |     5 ||     5
 Abil: Draw Destruction  |       |       |     4 |    16 ||    20
       Evoke Blink       |       |       |     1 |     8 ||     9
       End Transformatio |       |       |     1 |     5 ||     6
       Draw Summoning    |       |       |       |     7 ||     7
Evoke: Wand              |       |       |     5 |    18 ||    23
  Use: Scroll            |       |     3 |    10 |     4 ||    17
       Potion            |       |       |       |     4 ||     4
 Stab: Sleeping          |     1 |     5 |       |     1 ||     7
  Eat: Chunk             |     2 |     8 |    11 |    14 ||    35
       Ration            |       |     1 |     1 |     2 ||     4
Armor: Skin              |    29 |    41 |    29 |    50 ||   149
Dodge: Dodged            |    66 |   147 |   101 |   141 ||   455
